 Dungeon Crawl Stone Soup version 0.31-a0-152-g6aa68a64a1 (webtiles) character file.

Game seed: 7269088668607533597

200 zazu2006 the Charlatan (level 5, -1/41 HPs)
             Began as a Gnoll Wanderer on June 9, 2023.
             Slain by a sky beast (6 damage)
             ... on level 4 of the Dungeon.
             The game lasted 00:06:15 (2661 turns).

zazu2006 the Charlatan (Gnoll Wanderer)             Turns: 2661, Time: 00:06:16

Health: -1/41      AC:  4    Str: 13    XL:     5   Next: 79%
Magic:  9/9        EV: 11    Int: 12    God:
Gold:   251        SH:  0    Dex: 11    Spells: 9/10 levels left

rFire   . . .        n - +0 short sword (venom)
rCold   . . .        (no shield)
rNeg    . . .        d - +0 leather armour
rPois   .            (no helmet)
rElec   .            s - +0 cloak
rCorr   .            (no gloves)
SInv    .            (no boots)
Will    .....        (no amulet)
Stlth   +            (no ring)
HPRegen 0.26/turn    (no ring)
MPRegen 0.11/turn

%: no passive effects
@: no status effects
A: fangs 1, strong nose, distributed training
a: no special abilities


You were on level 4 of the Dungeon.
You visited 1 branch of the dungeon, and saw 4 of its levels.

You collected 251 gold pieces.

Inventory:

Hand Weapons
 a - a +0 sling
 m - a +0 long sword
 n - a +0 short sword of venom (weapon)
Armour
 d - a +0 leather armour (worn)
 s - a +0 cloak (worn)
Jewellery
 l - a ring of fire
Wands
 b - a wand of flame (2) (quivered)
 q - a wand of paralysis (10)
Scrolls
 c - 2 scrolls of vulnerability
 e - 3 scrolls of identify {unknown}
 f - 2 scrolls of magic mapping {unknown}
 g - 2 scrolls of teleportation {unknown}
 k - a scroll of enchant armour {unknown}
 r - a scroll of immolation {unknown}
Potions
 h - a potion of magic {unknown}
 i - 2 potions of curing {unknown}
 j - 3 potions of heal wounds {unknown}
 o - a potion of invisibility {unknown}
 p - a potion of ambrosia {unknown}


   Skills:
 + Level 3.1 Fighting
 + Level 1.7 Short Blades
 + Level 1.7 Long Blades
 + Level 1.7 Axes
 + Level 1.7 Maces & Flails
 + Level 1.7 Polearms
 + Level 1.7 Staves
 + Level 4.9 Ranged Weapons
 + Level 1.7 Throwing
 + Level 1.7 Armour
 + Level 1.7 Dodging
 + Level 1.7 Stealth
 + Level 1.7 Shields
 + Level 1.7 Unarmed Combat
 + Level 3.3 Spellcasting
 + Level 5.6 Conjurations
 + Level 1.3 Hexes
 + Level 1.3 Summonings
 + Level 1.3 Necromancy
 + Level 1.3 Translocations
 + Level 1.3 Transmutations
 + Level 1.3 Fire Magic
 + Level 1.3 Ice Magic
 + Level 1.3 Air Magic
 + Level 1.3 Earth Magic
 + Level 1.3 Poison Magic
 + Level 1.9 Invocations
 + Level 6.7 Evocations


You had 9 spell levels left.
You knew the following spells:

 Your Spells              Type           Power      Damage    Failure   Level
a - Magic Dart            Conj           60%        1d6       3%          1

Your spell library contained the following spells:

 Spells                   Type           Power      Damage    Failure   Level
 Shock                    Conj/Air       40%        1d5       8%          1
 Dazzling Flash           Conj/Hex       20%        N/A       22%         3
 Call Imp                 Summ           10%        N/A       26%         2
 Mephitic Cloud           Conj/Pois/Air  8%         N/A       28%         3
 Swiftness                Air            5%         N/A       45%         3
 Airstrike                Air            2%         2d(1-17)  86%         4


Dungeon Overview and Level Annotations

Branches:
Dungeon (4/15)
 Temple: D:4-7

Altars:
Elyvilon
Kikubaaqudgha
Sif Muna
Zin


Innate Abilities, Weirdness & Mutations

You have very sharp teeth.
Your uncanny sense of smell can sniff out nearby items.
Your experience applies equally to all skills.


Message History

(D) Dungeon
Where to? (Enter - D:4, ? - help)
What level of the Dungeon? (default 1, ? - help)
There is an open translucent door, spattered with blood here.
Things that are here:
a +3 quarterstaff of chaos; the gnoll corpse of Crazy Yiuf
There is a stone staircase leading down here.
You climb downwards.
There is a stone staircase leading up here.
A sky beast comes into view.
A sky beast is nearby!
You hit the sky beast.
The sky beast is poisoned.
The sky beast is lightly wounded.
You barely miss the sky beast.
The sky beast is lightly wounded.
The sky beast flickers out of sight!
Deactivating autopickup; reactivate with Ctrl-A.
Something hits you. Something shocks you. Something hits you.
Something shocks you.
An orc comes into view. It is wielding a +0 flail.
Found 2 orange potions.
Something hits you but does no damage.
The orc shouts!
The orc hits you with a +0 flail.
A sky beast appears from thin air!
Reactivating autopickup.
You hit the sky beast but do no damage.
The sky beast looks even sicker.
The sky beast is lightly wounded.
The orc barely misses you. The sky beast hits you. The sky beast shocks you.
You barely miss the sky beast.
The sky beast is moderately wounded.
The orc hits you but does no damage. The sky beast barely misses you.
You hit the sky beast.
The sky beast looks as sick as possible!
The sky beast is moderately wounded.
The orc hits you with a +0 flail.
* * * LOW HITPOINT WARNING * * *
The sky beast hits you.
* * * LOW HITPOINT WARNING * * *
The sky beast shocks you.
You die...

.# .##### #.#
. ...!..
#.###.#
......###....
...........#
........o..+
#......@...#
.......Y...#
#.####..~..#
#.....+
##.....###
#......<.# ∆
...##.#.###
##..#..#.#
.......#.#


You could see a sky beast (extremely poisoned) and an orc.

Vanquished Creatures
  Crazy Yiuf (D:3)
  Natasha (thrice) (D:3)
  A gnoll (D:2)
  3 adders
  3 dart slugs
  An orc (D:3)
  3 ball pythons
  10 endoplasms
  3 giant cockroaches
  4 hobgoblins
  5 kobolds
  4 quokkas
  3 bats
  6 frilled lizards
  3 goblins
  5 rats
58 creatures vanquished.

Notes
Turn   | Place    | Note
-------+----------+-------------------------------------------
     0 | D:1      | zazu2006 the Gnoll Wanderer began the quest for the Orb.
     0 | D:1      | zazu2006 set off with the following items: a +0 sling, a
                  | wand of flame (7), a scroll of vulnerability, a +0 leather
                  | armour; and the following spells available to memorise:
                  | Magic Dart, Shock, Dazzling Flash.
     0 | D:1      | Reached XP level 1. HP: 17/17 MP: 4/4
    66 | D:1      | Learned a level 1 spell: Magic Dart
    85 | D:1      | Reached XP level 2. HP: 23/23 MP: 5/5
   348 | D:1      | Reached XP level 3. HP: 19/28 MP: 7/7
   619 | D:2      | Reached skill level 1 in Invocations
   642 | D:2      | Reached skill level 1 in Short Blades
   642 | D:2      | Reached skill level 1 in Long Blades
   642 | D:2      | Reached skill level 1 in Axes
   642 | D:2      | Reached skill level 1 in Maces & Flails
   642 | D:2      | Reached skill level 1 in Polearms
   642 | D:2      | Reached skill level 1 in Staves
   642 | D:2      | Reached skill level 1 in Throwing
   642 | D:2      | Reached skill level 1 in Armour
   642 | D:2      | Reached skill level 1 in Dodging
   642 | D:2      | Reached skill level 1 in Stealth
   642 | D:2      | Reached skill level 1 in Shields
   642 | D:2      | Reached skill level 1 in Unarmed Combat
   817 | D:2      | Identified the +2 robe of Mental Paralysis {rN+ Int+5}
   842 | D:2      | Found an ancient bone altar of Kikubaaqudgha.
   858 | D:2      | Reached XP level 4. HP: 21/34 MP: 8/8
  1497 | D:3      | Reached skill level 1 in Hexes
  1497 | D:3      | Reached skill level 1 in Summonings
  1497 | D:3      | Reached skill level 1 in Necromancy
  1497 | D:3      | Reached skill level 1 in Translocations
  1497 | D:3      | Reached skill level 1 in Transmutations
  1497 | D:3      | Reached skill level 1 in Fire Magic
  1497 | D:3      | Reached skill level 1 in Ice Magic
  1497 | D:3      | Reached skill level 1 in Air Magic
  1497 | D:3      | Reached skill level 1 in Earth Magic
  1497 | D:3      | Reached skill level 1 in Poison Magic
  1706 | D:3      | Found a shimmering blue altar of Sif Muna.
  1801 | D:3      | Found a glowing silver altar of Zin.
  1977 | D:3      | Found a white marble altar of Elyvilon.
  2170 | D:3      | Noticed Natasha
  2184 | D:3      | Killed Natasha
  2185 | D:3      | Reached XP level 5. HP: 18/40 MP: 9/9
  2202 | D:3      | Noticed Natasha
  2216 | D:3      | Killed Natasha
  2392 | D:3      | Found a runed translucent door.
  2393 | D:3      | Noticed Crazy Yiuf
  2462 | D:3      | Noticed Natasha
  2474 | D:3      | Killed Natasha
  2572 | D:3      | Killed Crazy Yiuf
  2649 | D:4      | Noticed a sky beast
  2661 | D:4      | Slain by a sky beast

Illustrated notes

Levels and vault maps discovered:
D:1:      psy_arrival_conway, layout_rooms
D:2:      minmay_inner_zag, layout_basic, basic_altar,
          kennysheep_generic_room_16
D:3:      wad_pebble_path, layout_basic, mainiacjoe_overflow_alcove_1,
          lemuel_blue_sif_altar, elyvilon_altar_1, uniq_crazy_yiuf_cottage,
          uniq_natasha
D:4:      layout_basic, nicolae_overflow_squiral, minmay_misc_feat_diagonals,
          minmay_misc_feat_nine_boxes, grunt_ministairs_3

Skill      XL: |  1  2  3  4  5 |
---------------+----------------+-----
Invocations    | 1 |  1.9
Short Blades   | 1 |  1.7
Long Blades    | 1 |  1.7
Axes           | 1 |  1.7
Maces & Flails | 1 |  1.7
Polearms       | 1 |  1.7
Staves         | 1 |  1.7
Throwing       | 1 |  1.7
Armour         | 1 |  1.7
Dodging        | 1 |  1.7
Stealth        | 1 |  1.7
Shields        | 1 |  1.7
Unarmed Combat | 1 |  1.7
Spellcasting   | 3 |  3.3
Hexes          | 1 |  1.3
Summonings     | 1 |  1.3
Necromancy     | 1 |  1.3
Translocations | 1 |  1.3
Transmutations | 1 |  1.3
Fire Magic     | 1 |  1.3
Ice Magic      | 1 |  1.3
Air Magic      | 1 |  1.3
Earth Magic    | 1 |  1.3
Poison Magic   | 1 |  1.3
Fighting       | 3 |  3.1
Ranged Weapons | |  4.9
Conjurations   | |  5.6
Evocations     | |  6.7

Action                     |  1- 3 |  4- 6 || total
---------------------------+-------+-------++-------
  Melee: Short sword       |       |    39 ||    39
         Bite              |       |     6 ||     6
         Punch             |       |     1 ||     1
   Fire: Sling             |   106 |    68 ||   174
   Cast: Magic Dart        |     2 |       ||     2
  Evoke: Wand              |     5 |       ||     5
 Armour: Leather armour    |    21 |     7 ||    28
  Dodge: Dodged            |    25 |    40 ||    65

Table legend: (Time is in decaauts)
 A = Elapsed time spent in this place.
 B = Non-inter-level travel time spent in this place.
 C = Inter-level travel time spent in this place.
 D = Time resting spent in this place.
 E = Time spent auto-exploring this place.
 F = Levels seen in this place.
 G = Mean time per level.
                   A        B        C        D        E       F      G
               +--------+--------+--------+--------+--------+-----+--------+
         Total |   2695 |   2626 |     69 |      2 |   2202 |   4 |  673.8 |
       Dungeon |   2695 |   2626 |     69 |      2 |   2202 |   4 |  673.8 |
               +--------+--------+--------+--------+--------+-----+--------+

Top non-repeatable levels by time:
     D:3: 1174 daAuts
     D:2: 940 daAuts
     D:1: 567 daAuts
     D:4: 12 daAuts
